 Dungeon Crawl Stone Soup version 0.27.1-3-gb3d3a73c9e (webtiles) character file.

Game seed: 10472249381614832887

17306 christhawk the Basher (level 12, -13/112 HPs)
             Began as a Minotaur Hunter on Oct 8, 2021.
             Was a Priest of Okawaru.
             Mangled by a death knight (16 damage)
             ... on level 12 of the Dungeon on Oct 9, 2021.
             The game lasted 00:53:49 (13645 turns).

christhawk the Basher (Minotaur Hunter)            Turns: 13645, Time: 00:53:49

Health: -13/112    AC: 25    Str: 20    XL:     12   Next: 17%
Magic:  0/13       EV: 10    Int: 12    God:    Okawaru [***...]
Gold:   642        SH:  0    Dex: 16    Spells: 11/11 levels left

rFire    + + .     SeeInvis +   b - +6 mace "Anaokk" {freeze, rF+ Str+3 Stlth+}
rCold    . . .     Faith    .   (no shield)
rNeg     . . .     Spirit   +   o - +5 chain mail of the Wheelwright {Contam +Blink rElec Stlth+}
rPois    +         Reflect  .   (helmet restricted)
rElec    +         Harm     .   e - +2 cloak {rPois}
rCorr    .         Rampage  .   A - +0 pair of gloves
Will     .....     Rnd*Tele +   (no boots)
Stlth    ++........             n - amulet of guardian spirit
HPRegen  0.28/turn              q - ring "Xausaym" {rF+ AC+4 Int+4 SInv}
MPRegen  0.13/turn              v - ring of willpower

@: about to teleport, weak-willed
A: horns 2, retaliatory headbutt, teleportitis 1
a: Renounce Religion, Evoke Blink, Heroism


You were on level 12 of the Dungeon.
You worshipped Okawaru.
Okawaru was most pleased with you.
You visited 1 branch of the dungeon, and saw 12 of its levels.

You collected 642 gold pieces.

Inventory:

Hand Weapons
 a - a +1 hand crossbow
 b - the +6 mace "Anaokk" (weapon) {freeze, rF+ Str+3 Stlth+}
   (You found it on level 6 of the Dungeon)

   It freezes those it strikes, dealing additional cold damage.
   It can also slow down cold-blooded creatures.
   Str:       It affects your strength (+3).
   rF:        It protects you from fire.
   Stlth:     It makes you more stealthy.
 j - a +2 whip of flaming
Missiles
 d - 45 bolts
 r - 3 throwing nets (quivered)
Armour
 e - a +2 cloak of poison resistance (worn)
 l - a +3 scale mail of cold resistance
 o - the +5 chain mail of the Wheelwright (worn) {Contam +Blink rElec Stlth+}
   (You found it on level 4 of the Dungeon)

   rElec:     It insulates you from electricity.
   +Blink:    It lets you blink.
   Contam:    It causes magical contamination when unequipped.
   Stlth:     It makes you more stealthy.
 A - a +0 pair of gloves (worn)
Jewellery
 n - an amulet of guardian spirit (around neck)
 q - the ring "Xausaym" (left hand) {rF+ AC+4 Int+4 SInv}
   (You acquired it on level 7 of the Dungeon)

   [ring of protection]

   AC:        It affects your AC (+4).
   Int:       It affects your intelligence (+4).
   rF:        It protects you from fire.
   SInv:      It lets you see invisible.
 v - a ring of willpower (right hand)
 y - a ring of protection from cold
 B - a ring of ice
Wands
 m - a wand of paralysis (10)
 u - a wand of iceblast (8)
 w - a wand of polymorph (9)
 x - a wand of acid (8)
Scrolls
 f - 2 scrolls of fog
 i - 6 scrolls of teleportation
 k - a scroll of fear
 s - 8 scrolls of identify
Potions
 c - 2 potions of flight
 g - 3 potions of brilliance
 h - 5 potions of curing
 p - a potion of ambrosia
 t - 2 potions of might
 z - a potion of heal wounds


   Skills:
 * Level 12.3 Fighting
 * Level 12.9 Maces & Flails
 + Level 9.3 Crossbows
 + Level 0.4 Throwing
 * Level 9.7 Armour
 * Level 6.1 Dodging
 + Level 3.7 Stealth
 + Level 2.8 Invocations
 + Level 2.7 Evocations


You had 11 spell levels left.
You didn't know any spells.
Your spell library contained the following spells:

 Spells                   Type           Power      Damage    Failure   Level
 Sandblast                Erth           0%         2d4       94%         1
 Corpse Rot               Necr/Air       N/A        N/A       98%         2
 Passwall                 Tmut/Erth      0%         N/A       98%         2
 Poisonous Vapours        Pois/Air       0%         N/A       98%         2
 Sublimation of Blood     Necr           0%         N/A       98%         2
 Olgreb's Toxic Radiance  Pois           0%         N/A       100%        4
 Petrify                  Tmut/Erth      0%         N/A       100%        4
 Freezing Cloud           Conj/Ice/Air   0%         6-21      100%        5
 Irradiate                Conj/Tmut      0%         3d13      100%        5
 Lee's Rapid Deconstruct  Erth           0%         3d5*      100%        5
 Ozocubu's Refrigeration  Ice            0%         4d5       100%        7
 Ignition                 Fire           0%         3d3       100%        8


Dungeon Overview and Level Annotations

Branches:
Dungeon (12/15)            Temple (0/1) D:7            Lair (0/6) D:8
    Orc (0/2) D:9

Altars:
Dithmenos
Hepliaklqana
Kikubaaqudgha
Makhleb
Nemelex Xobeh
Okawaru
Ru
Vehumet
Wu Jian
Yredelemnul
The Shining One

Annotations:
D:4 2 transporters, BigDaddyOpFi's ghost, amateur MiBe


Innate Abilities, Weirdness & Mutations

You have a pair of horns on your head.
You reflexively headbutt those who attack you in melee.
You are occasionally teleported next to monsters.


Message History

The skeletal warrior closely misses you.
You hit the skeletal warrior but do no damage.
The skeletal warrior is moderately damaged.
You barely miss the death knight. Your headbutt misses the death knight.
The death knight's dark mirror aura disappears.
You hit the phantasmal warrior but do no damage.
The phantasmal warrior hits you!
You sock the phantasmal warrior! You freeze the phantasmal warrior.
The phantasmal warrior is moderately damaged.
The death knight hits you with a +2 broad axe of distortion!
The phantasmal warrior barely misses you.
You closely miss the phantasmal warrior.
The phantasmal warrior is moderately damaged.
The death knight mumbles some strange prayers to Yredelemnul against you.
Your body is wracked with pain!
* * * LOW HITPOINT WARNING * * *
The phantasmal warrior closely misses you.
As you read the scroll of teleportation, it crumbles to dust.
You feel strangely unstable.
The death knight invokes the aid of Yredelemnul against you.
You struggle to resist.
The phantasmal warrior barely misses you.
You furiously retaliate!
You headbutt the phantasmal warrior, but do no damage.
You feel much better.
The death knight hits you with a +2 broad axe of distortion!
Space bends around you.
The phantasmal warrior barely misses you.
You hit the phantasmal warrior. You headbutt the phantasmal warrior.
The phantasmal warrior is moderately damaged.
The death knight hits you with a +2 broad axe of distortion!
* * * LOW HITPOINT WARNING * * *
Space bends around you!
* * * LOW HITPOINT WARNING * * *
You hit the phantasmal warrior but do no damage.
The phantasmal warrior is moderately damaged.
The phantasmal warrior hits you!!
* * * LOW HITPOINT WARNING * * *
The death knight hits you with a +2 broad axe of distortion!
You die...

###### ##W...# #
#@pW..##...#
###z.......[
#####..#.#....# .#
..###..#...#.....##
..#..........##......
...#...#.####....##
#..../#
.}.#...#.##.......##
..W...
)...e..#......#...ยง#
......
..#..#....<.......##
......


You could see a death knight, a skeletal warrior, a phantasmal warrior and a
freezing wraith.

Vanquished Creatures
  A boulder beetle (D:11)
  Fannar (D:11)
  Harold (D:8)
  A centaur warrior (D:12)
  4 two-headed ogres
  A phantasmal warrior (D:12)
  A manticore (D:11)
  A deep elf pyromancer (D:12)
  3 centaur zombies
  2 kobold demonologists (D:12)
  Psyche (D:10)
  A hornet (D:10)
  Prince Ribbit (D:5)
  3 slime creatures (D:10)
  A meliai zombie (D:11)
  Sigmund (D:6)
  A shadow (D:12)
  4 yaks (D:8)
  A vampire (D:11)
  A wraith (D:10)
  4 wyverns
  3 basilisks
  Grum (D:10)
  A steam dragon (D:8)
  An acid dragon (D:9)
  5 water moccasins
  2 sky beasts
  2 ice beasts
  A hornet zombie (D:5)
  2 orc warriors
  3 black bears (D:6)
  3 necrophages
  An ogre (D:7)
  7 centaurs
  4 wolves (D:10)
  A phantom (D:6)
  3 kobold brigands
  3 bullfrogs
  3 gnoll sergeants
  2 wyvern zombies (D:7)
  2 scorpions
  2 water moccasin skeletons (D:5)
  9 killer bees
  5 wights (D:8)
  3 electric eels
  2 bullfrog zombies
  A jelly (D:4)
  2 orc priests
  A gnoll shaman (D:4)
  3 iron imps (D:9)
  Crazy Yiuf (D:6)
  4 iguanas
  Natasha (D:2)
  4 orc wizards
  A hound skeleton (D:4)
  A howler monkey zombie (D:8)
  Robin (D:2)
  17 gnolls
  8 adders
  2 shadow imps (D:7)
  2 white imps
  An ufetubus (D:4)
  An adder skeleton (D:4)
  3 worms
  28 orcs
  4 bats
  9 endoplasms
  5 giant cockroaches
  18 hobgoblins
  5 jackals
  12 kobolds
  4 quokkas
  8 ball pythons
  5 frilled lizards
  18 goblins
  7 rats
283 creatures vanquished.

Vanquished Creatures (others)
  A white imp (D:8)
  7 plants (D:8)
8 creatures vanquished.

Grand Total: 291 creatures vanquished

Notes
Turn   | Place    | Note
-------+----------+-------------------------------------------
     0 | D:1      | christhawk the Minotaur Hunter began the quest for the Orb.
     0 | D:1      | Reached XP level 1. HP: 18/18 MP: 0/0
   154 | D:1      | Reached XP level 2. HP: 25/25 MP: 1/1
   326 | D:1      | Reached skill level 5 in Crossbows
   496 | D:1      | Reached XP level 3. HP: 34/34 MP: 1/4
   767 | D:2      | Reached XP level 4. HP: 27/41 MP: 5/5
  1058 | D:2      | Noticed Robin
  1066 | D:2      | Killed Robin
  1283 | D:2      | Found a faded altar of an unknown god.
  1705 | D:2      | Noticed Natasha
  1717 | D:2      | Killed Natasha
  1718 | D:2      | Reached XP level 5. HP: 33/47 MP: 6/6
  2228 | D:3      | Found an ornate altar of the Wu Jian Council.
  3027 | D:4      | Reached skill level 5 in Fighting
  3053 | D:4      | Found a radiant altar of Vehumet.
  3266 | D:4      | Reached XP level 6. HP: 56/56 MP: 7/7
  3318 | D:4      | Found a transporter.
  3336 | D:4      | Noticed BigDaddyOpFi's ghost (amateur MiBe)
  3395 | D:5      | Entered Level 5 of the Dungeon
  4003 | D:5      | Found a hazy altar of Hepliaklqana.
  4027 | D:5      | Noticed an ice beast
  4041 | D:5      | Killed an ice beast
  4082 | D:5      | Reached XP level 7. HP: 55/61 MP: 8/8
  4100 | D:5      | HP: 3/61 [hornet zombie (8)]
  4105 | D:5      | HP: 1/61 [hornet zombie (3)]
  4108 | D:5      | Reached skill level 5 in Maces & Flails
  4120 | D:5      | HP: 3/62 [adder (1)]
  4469 | D:5      | Reached skill level 5 in Armour
  4827 | D:5      | Noticed Prince Ribbit
  4834 | D:5      | Killed Prince Ribbit
  4835 | D:5      | Reached XP level 8. HP: 70/70 MP: 9/9
  4842 | D:5      | Identified the +1 leather armour "Waur" {Int+2}
  5364 | D:4      | Found a transporter.
  5415 | D:4      | Identified the +5 chain mail of the Wheelwright {Contam
                  | +Blink rElec Stlth+}
  5940 | D:4      | Gained mutation: You are occasionally teleported next to
                  | monsters. [potion of mutation]
  6256 | D:6      | Found a shadowy altar of Dithmenos.
  6305 | D:6      | Noticed Sigmund
  6317 | D:6      | Killed Sigmund
  6441 | D:6      | Found a runed translucent door.
  6442 | D:6      | Noticed Crazy Yiuf
  6447 | D:6      | Killed Crazy Yiuf
  6463 | D:6      | Identified the +6 mace "Anaokk" {freeze, rF+ Str+3 Stlth+}
  7058 | D:6      | Reached XP level 9. HP: 79/79 MP: 10/10
  7458 | D:7      | Found a staircase to the Ecumenical Temple.
  7597 | D:7      | Found a sacrificial altar of Ru.
  7834 | D:7      | Identified a scroll of acquirement
  7834 | D:7      | Acquired the ring "Xausaym" {rF+ AC+4 Int+4 SInv}
  7897 | D:7      | Found a basalt altar of Yredelemnul.
  7903 | D:7      | Found a glowing golden altar of the Shining One.
  7905 | D:7      | Noticed an angel
  8238 | D:8      | Reached XP level 10. HP: 81/88 MP: 11/11
  8354 | D:8      | Found a staircase to the Lair.
  8461 | D:8      | Reached skill level 10 in Maces & Flails
  8966 | D:8      | Found an ancient bone altar of Kikubaaqudgha.
  9073 | D:8      | Noticed Harold
  9090 | D:8      | Killed Harold
  9417 | D:8      | Noticed a two-headed ogre
  9447 | D:8      | Killed a two-headed ogre
  9448 | D:8      | Reached skill level 10 in Fighting
  9875 | D:9      | Reached XP level 11. HP: 65/100 MP: 7/12
 10107 | D:9      | Found a staircase to the Orcish Mines.
 10716 | D:9      | Found a burning altar of Makhleb.
 10835 | D:10     | Entered Level 10 of the Dungeon
 10963 | D:10     | Noticed Grum
 10996 | D:10     | Killed Grum
 11186 | D:10     | Noticed Psyche
 11203 | D:10     | Killed Psyche
 11507 | D:10     | Found an iron altar of Okawaru.
 11513 | D:10     | Became a worshipper of Warmaster Okawaru
 11533 | D:10     | Identified the +5 ring mail "Suucass" {rPois rN+}
 11669 | D:10     | Reached skill level 5 in Dodging
 11769 | D:10     | Found a sparkling altar of Nemelex Xobeh.
 11909 | D:11     | Noticed Fannar
 11924 | D:11     | Killed Fannar
 11924 | D:11     | Reached * piety under Okawaru
 11977 | D:11     | Noticed a boulder beetle
 12042 | D:11     | Killed a boulder beetle
 12308 | D:11     | Noticed a two-headed ogre
 12315 | D:11     | Killed a two-headed ogre
 12451 | D:11     | Reached ** piety under Okawaru
 12647 | D:11     | Noticed a two-headed ogre
 12653 | D:11     | Killed a two-headed ogre
 12661 | D:11     | Reached *** piety under Okawaru
 13157 | D:11     | Noticed a two-headed ogre
 13167 | D:11     | Killed a two-headed ogre
 13531 | D:12     | Reached XP level 12. HP: 112/112 MP: 13/13
 13576 | D:12     | Noticed a centaur warrior
 13592 | D:12     | Killed a centaur warrior
 13624 | D:12     | Noticed a death knight
 13645 | D:12     | HP: 3/112 [phantasmal warrior[a death knight] (22)]
 13645 | D:12     | Mangled by a death knight

Illustrated notes

Levels and vault maps discovered:
D:1:      minmay_arrival_plants_in_alcoves, layout_basic
D:2:      wad_river_or_something, layout_basic,
          shapermc_ecumenical_altar_mp_vishouse, uniq_natasha, uniq_robin
D:3:      layout_basic, nicolae_wu_jian_wuxing_cycle
D:4:      layout_basic, nicolae_overflow_hidden_temple,
          gammafunk_ghost_stat_death, grunt_ministairs_10,
          corexii_leaking_fountain, st_stairs_14
D:5:      layout_loops_ring, nzn_hepliaklqana_mist_gate, st_stairs_8,
          chequers_arboretum, uniq_prince_ribbit1
D:6:      layout_loops_ring, mainiacjoe_overflow_brackets, uniq_sigmund,
          uniq_crazy_yiuf_cottage
D:7:      layout_rooms, grunt_temple_overflow_holy_war,
          nicolae_ru_great_annihilating_truth, minmay_temple_entry_sparse_star
D:8:      minmay_chambers_of_fours, layout_basic,
          mainiacjoe_overflow_tiny_flanked, minmay_lair_entry_grove,
          serial_bayou_pond_b, uniq_harold
D:9:      wad_lake_hut, layout_irregular_city, demons_altar,
          minmay_misc_feat_cross, kennysheep_decorative_pillar,
          minmay_crystal_water, feat_on_display
D:10:     layout_loops_ring, nemelex_diamond_rough_becter, okawaru_gym_becter,
          chequers_serial_rivers_micro_c, minmay_misc_feat_doors, uniq_grum,
          uniq_psyche
D:11:     layout_loops_corners, uniq_fannar
D:12:     layout_cave_pools, gauntlet_entry_generic, serial_glass,
          glass_columns_a, glass_columns_b, glass_columns_a, glass_columns_c,
          minmay_radiant

Skill      XL: |  1  2  3  4  5  6  7  8  9 10 11 12 |
---------------+-------------------------------------+-----
Crossbows      | 6 7 8 9 |  9.3
Fighting       | 4 5 6 7 8 10 12 | 12.3
Maces & Flails | 3 4 5 7 9 11 12 | 12.9
Armour         | 3 4 5 6 7 9 |  9.7
Dodging        | 4 5 6 |  6.1
Stealth        | 2 3 |  3.7
Invocations    | 2 |  2.8
Evocations     | 2 |  2.7
Throwing       | |  0.4

Action                   |  1- 3 |  4- 6 |  7- 9 | 10-12 || total
-------------------------+-------+-------+-------+-------++-------
Melee: Short sword       |     1 |       |       |       ||     1
       Whip              |    11 |   173 |    94 |       ||   278
       Headbutt          |     1 |    23 |    43 |    77 ||   144
       Mace              |       |       |   121 |   322 ||   443
 Fire: Hand crossbow     |    33 |    35 |    58 |   167 ||   293
Throw: Throwing net      |       |       |       |     4 ||     4
Evoke: Wand              |       |       |       |     2 ||     2
  Use: Scroll            |     3 |     7 |     4 |     5 ||    19
       Potion            |     2 |     2 |     7 |     3 ||    14
 Stab: Sleeping          |       |     3 |       |       ||     3
       Invisible         |       |       |     1 |       ||     1
       Paralysed         |       |       |     1 |       ||     1
       Distracted        |       |       |       |     1 ||     1
       Petrifying        |       |       |       |     1 ||     1
Armor: Leather armour    |     2 |     3 |       |       ||     5
       Ring mail         |       |    46 |       |       ||    46
       Scale mail        |       |     7 |    14 |       ||    21
       Chain mail        |       |       |   120 |   217 ||   337
Dodge: Dodged            |     7 |    92 |    95 |   142 ||   336
